 Dungeon Crawl Stone Soup version 0.27.1-33-g824d729ab1 (webtiles) character file.

Game seed: 224048952501683235

42 styxcanada the Sneak (level 3, 0/18 HPs)
             Began as a Spriggan Brigand on Dec 5, 2021.
             Slain by a gnoll (1 damage)
             ... on level 2 of the Dungeon.
             The game lasted 00:06:32 (1862 turns).

styxcanada the Sneak (Spriggan Brigand)             Turns: 1862, Time: 00:06:33

Health: 0/18       AC:  3    Str:  7    XL:     3   Next: 33%
Magic:  4/4        EV: 16    Int: 12    God:
Gold:   45         SH:  0    Dex: 17    Spells: 2/2 levels left

rFire    . . .     SeeInvis +   a - +2 dagger
rCold    . . .     Faith    .   (shield restricted)
rNeg     . . .     Spirit   .   b - +0 robe
rPois    .         Reflect  .   (helmet restricted)
rElec    .         Harm     .   c - +0 cloak
rCorr    .         Rampage  .   (gloves unavailable)
Will     .....                  (boots unavailable)
Stlth    ++++......             (no amulet)
HPRegen  0.06/turn              f - ring of wizardry
MPRegen  0.09/turn              (no ring)

@: mighty, very quick
A: very small, no large weapons, unfitting armour, see invisible, speed 3
a: no special abilities


You were on level 2 of the Dungeon.
You visited 1 branch of the dungeon, and saw 2 of its levels.

You collected 45 gold pieces.

Inventory:

Hand Weapons
 a - a +2 dagger (weapon)
 k - a +0 hunting sling
Missiles
 d - 6 poisoned darts (quivered)
 e - 2 curare-tipped darts
 g - 3 stones
 j - 2 datura-tipped darts
Armour
 b - a +0 robe (worn)
 c - a +0 cloak (worn)
Jewellery
 f - a ring of wizardry (left hand)
Scrolls
 i - a scroll of fear {unknown}
 l - a scroll of identify {unknown}


   Skills:
 * Level 1.6 Fighting
 + Level 2.4 Short Blades
 + Level 2.3 Throwing
 * Level 1.7 Dodging
 * Level 7.1 Stealth


You had 2 spell levels left.
You didn't know any spells.
Your spell library was empty.

Dungeon Overview and Level Annotations

Branches:
Dungeon (2/15)

Altars:


Innate Abilities, Weirdness & Mutations

You are very small and have problems with some larger weapons.
You are too small for most types of armour.
You have supernaturally acute eyesight. (SInv)
You cover ground extremely quickly. (Speed+++)


Message History

You hit the kobold.
The kobold is severely wounded.
The kobold barely misses you.
You hit the kobold.
You kill the kobold!
You barely miss the hobgoblin. The hobgoblin barely misses you.
You hit the hobgoblin but do no damage. The hobgoblin misses you.
You hit the hobgoblin but do no damage. The hobgoblin barely misses you.
The gnoll misses you.
You hit the hobgoblin but do no damage. The hobgoblin barely misses you.
The gnoll closely misses you.
You hit the hobgoblin but do no damage. The hobgoblin hits you.
You hit the hobgoblin but do no damage. The gnoll barely misses you.
The hobgoblin completely misses you.
You hit the hobgoblin.
The hobgoblin is lightly wounded.
The gnoll barely misses you.
You hit the hobgoblin but do no damage.
The hobgoblin is lightly wounded.
The hobgoblin barely misses you. The gnoll hits you with a +0 flail.
You hit the hobgoblin.
The hobgoblin is severely wounded.
The hobgoblin completely misses you. The gnoll barely misses you.
You barely miss the hobgoblin.
The hobgoblin is heavily wounded.
The hobgoblin closely misses you. The gnoll barely misses you.
You closely miss the hobgoblin.
The hobgoblin is heavily wounded.
The hobgoblin misses you. The gnoll hits you with a +0 flail!
Ouch! That really hurt!
* * * LOW HITPOINT WARNING * * *
You hit the hobgoblin.
The hobgoblin is almost dead.
The hobgoblin barely misses you. The gnoll barely misses you.
It was a potion of might.
You feel very mighty all of a sudden. The hobgoblin hits you.
* * * LOW HITPOINT WARNING * * *
The gnoll hits you with a +0 flail.
You die...

<..# #[.....# #.##
#.####.# #.#
#.####.# #.#
#....#.## ..#
####......[# ###
#.......#).# ...
#.##..g....#
.....#.#.....##g#
............###@#
.......#..#.# #g#
$...............#
.##.......##.#####
........#.##.#
..###.g......#
......#.>....#
#.##..........
#.##.##.#..#


You could see a gnoll and a hobgoblin.

Vanquished Creatures
  2 dart slugs
  4 bats (D:1)
  2 endoplasms (D:1)
  A giant cockroach (D:1)
  3 goblins
  3 hobgoblins
  3 jackals (D:1)
  3 kobolds
  4 quokkas
  2 ball pythons (D:1)
  3 frilled lizards
  2 rats (D:1)
32 creatures vanquished.

Notes
Turn   | Place    | Note
-------+----------+-------------------------------------------
     0 | D:1      | styxcanada the Spriggan Brigand began the quest for the
                  | Orb.
     0 | D:1      | Reached XP level 1. HP: 10/10 MP: 2/2
    36 | D:1      | Reached skill level 6 in Stealth
    59 | D:1      | Found a faded altar of an unknown god.
   180 | D:1      | Reached XP level 2. HP: 4/14 MP: 3/3
  1326 | D:1      | You fall into a shaft and drop 1 floor!
  1331 | D:2      | Reached skill level 7 in Stealth
  1338 | D:2      | Reached XP level 3. HP: 18/18 MP: 4/4
  1862 | D:2      | Slain by a gnoll

Illustrated notes

Levels and vault maps discovered:
D:1:      roderic_dead_forest, layout_basic, ebering_ecumenical_altar_hall
D:2:      layout_loops_cross, grunt_ministairs_2

Skill      XL: |  1  2 |
---------------+-------+-----
Stealth        | 6 7 |  7.1
Fighting       | |  1.6
Short Blades   | |  2.4
Throwing       | |  2.3
Dodging        | |  1.7

Action                   || total
-------------------------++-------
Melee: Dagger            ||    95
Throw: Dart              ||    18
  Use: Potion            ||     1
 Stab: Sleeping          ||    10
Armor: Robe              ||    11
Dodge: Dodged            ||    73
